Map: Thunderbird LE

Players

vamak - Winner!

  • Race: Protoss Protoss
  • League: Platinum
  • Spawn Location: 5:00

pHARM

  • Race: Zerg Zerg
  • League: Platinum
  • Spawn Location: 11:00

VOD

Have the link to the VOD?

Description

Time

  • Played on: Aug. 26, 2019, 4:18 p.m.
  • Length: 19:06
Show
View Real Time Build Order
Export as new Build Order

vamak Protoss - Winner!

Build Orders: 1 Gate Expand, Dark Templar Rush 

Get SALT Encoding   

  12  0:05  Probe  
  13  0:19  Pylon, Probe  
  14  0:31  Probe  
  15  0:39  Gateway  
  15  0:43  Probe  
  15  0:47  Assimilator  
  16  0:55  Probe  
  17  1:03  Probe  
  18  1:15  Probe  
  19  1:26  Nexus  
  19  1:50  Cybernetics Core  
  19  1:53  Gateway  
  19  1:54  Pylon  
  19  2:00  Pylon  
  19  2:06  Probe  
  20  2:10  Assimilator  
  20  2:14  Probe  
  21  2:27  Adept  
  23  2:32  Twilight Council  
  23  2:38  Probe x2  
  25  2:47  Probe  
  25  2:48  Probe  
  27  2:55  Probe  
  27  2:56  Probe  
  27  3:00  Stalker  
  31  3:14  Dark Shrine  
  31  3:22  Gateway  
  31  3:27  Warp Gate  
  31  3:32  Pylon  
  31  3:38  Shield Battery, Probe x2  
  33  3:51  Probe x2  
  35  3:56  Assimilator  
  35  3:57  Assimilator  
  35  4:03  Probe x2  
  35  4:09  Pylon  
  37  4:15  Probe x2  
  39  4:17  Robotics Facility  
  39  4:27  Probe x2  
  41  4:39  Probe x2  
  41  4:40  Shadow Stride  
  43  4:47  Gateway  
  43  4:51  Probe  
  43  4:52  Probe  
  45  5:00  Warp Prism  
  47  5:19  Dark Templar x3  
  53  5:25  Probe x2  
  55  5:31  Pylon  
  51  6:13  Dark Templar x3  
  51  6:14  Dark Templar  
  59  6:21  Gateway  
  59  6:22  Gateway  
  59  6:25  Gateway  
  59  6:27  Gateway  
  59  6:28  Pylon  
  59  6:31  Pylon  
  57  6:54  Dark Templar x4  
  57  7:31  Dark Templar x4  
  63  8:17  Pylon  
  63  8:19  Pylon  
  55  8:34  Immortal  
  59  8:51  Zealot x4  
  67  8:56  Nexus  
  67  8:58  Assimilator  
  67  9:03  Pylon, Assimilator  
  67  9:04  Immortal, Stalker x2  
  67  9:06  Pylon, Probe x2  
  67  9:07  Charge  
  67  9:09  Pylon  
  77  9:18  Probe  
  77  9:19  Dark Templar  
  80  9:34  Dark Templar x3  
  80  9:38  Immortal  
  84  10:02  Stalker x2  
  88  10:09  Probe x3  
  88  10:12  Immortal  
  91  10:18  Forge  
  91  10:19  Forge  
  91  10:21  Probe x3  
  97  10:23  Zealot x5  
  108  10:29  Probe  
  108  10:31  Protoss Shields Level 1, Protoss Ground Weapons Level 1  
  108  10:33  Probe x2  
  111  10:45  Probe  
  112  10:52  Observer  
  113  11:00  Pylon  
  113  11:03  Pylon  
  113  11:05  Gateway x2  
  113  11:07  Gateway  
  113  11:09  Gateway  
  113  11:20  Probe x2  
  113  11:22  Immortal  
  119  11:28  Stalker x2  
  119  11:29  Stalker x5  
  119  11:30  Stalker  
  135  11:34  Blink  
  135  11:50  Nexus  
  135  11:56  Pylon  
  135  11:58  Stalker  
  135  11:59  Stalker x6  
  135  12:00  Stalker x3  
  155  12:14  Pylon  
  155  12:17  Pylon  
  155  12:19  Pylon  
  121  12:50  Stalker  
  121  12:51  Stalker x6  
  101  12:52  Stalker x3  
  101  12:53  Stalker x2  
  82  13:15  Stalker x4  
  82  13:16  Stalker x4  
  82  13:17  Stalker x2  
  82  13:19  Stalker x2  
  92  13:33  Protoss Ground Armor Level 1, Protoss Ground Weapons Level 2  
  88  13:37  Immortal  
  90  13:42  Robotics Facility  
  90  13:45  Dark Templar  
  90  13:46  Dark Templar x3  
  98  13:59  Pylon  
  98  14:03  Probe x3  
  101  14:15  Zealot x5  
  101  14:16  Zealot x2  
  101  14:17  Zealot  
  99  14:30  Probe x4  
  103  14:39  Immortal  
  103  14:42  Probe x3  
  103  14:43  Probe  
  103  14:44  Pylon  
  111  14:45  Assimilator  
  111  14:52  Assimilator  
  111  14:58  Dark Templar  
  111  14:59  Dark Templar x2  
  117  15:00  Dark Templar  
  119  15:25  Nexus  
  119  15:26  Immortal  
  119  15:27  Immortal  
  127  15:32  Pylon  
  127  15:53  Dark Templar x4  
  127  15:54  Dark Templar x4  
  143  16:02  Zealot  
  143  16:03  Zealot x2  
  149  16:05  Observer  
  150  16:11  Shield Battery  
  150  16:13  Shield Battery  
  150  16:14  Shield Battery  
  150  16:19  Robotics Bay  
  150  16:24  Protoss Shields Level 2  
  150  16:34  Zealot x4  
  158  16:46  Pylon, Assimilator  
  158  16:50  Assimilator  
  158  16:56  Zealot x3  
  158  16:57  Zealot x4  
  172  17:06  Templar Archives  
  172  17:15  Photon Cannon  
  172  17:16  Photon Cannon  
  172  17:17  Photon Cannon  
  172  17:18  Shield Battery  
  166  17:35  Nexus  
  166  17:43  Probe x2  
  156  17:56  Zealot x4  
  156  17:57  Zealot x7  
  156  17:58  Zealot  
  143  18:25  Dark Templar x3  
  143  18:26  Dark Templar x5  
  151  18:47  Stalker x4  
Show
View Real Time Build Order
Export as new Build Order

pHARM Zerg 

Build Orders: Hatch First 

Get SALT Encoding   

  12  0:01  Drone  
  13  0:13  Overlord  
  13  0:24  Drone  
  14  0:31  Drone x2  
  16  0:50  Hatchery  
  16  0:56  Drone  
  17  0:57  Drone  
  17  1:01  Drone  
  18  1:15  Spawning Pool  
  18  1:18  Drone  
  18  1:22  Drone  
  19  1:36  Drone  
  20  1:40  Extractor  
  20  1:41  Drone  
  20  1:52  Drone  
  21  2:01  Overlord  
  21  2:06  Drone, Queen x2  
  26  2:13  Drone  
  26  2:14  Drone  
  28  2:29  Drone  
  30  2:30  Drone  
  30  2:36  Drone x2  
  32  2:53  Queen x2  
  32  2:56  Metabolic Boost  
  36  3:00  Hatchery  
  36  3:01  Drone  
  36  3:14  Overlord  
  36  3:21  Evolution Chamber  
  36  3:24  Roach Warren  
  34  3:27  Drone x2  
  34  3:28  Evolution Chamber, Drone  
  36  3:38  Pneumatized Carapace  
  36  3:40  Overlord x2  
  36  3:41  Drone x2  
  36  3:44  Drone  
  36  3:47  Drone  
  40  3:58  Zerg Missile Weapons Level 1  
  40  4:04  Extractor, Drone x5  
  40  4:05  Extractor  
  43  4:57  Spore Crawler  
  43  4:59  Spine Crawler  
  41  5:00  Drone x2  
  41  5:04  Spore Crawler  
  41  5:05  Spine Crawler  
  41  5:08  Drone x2  
  41  5:11  Drone x2  
  41  5:14  Drone x2  
  47  5:23  Drone x3  
  47  5:24  Drone x3  
  47  5:28  Zerg Ground Armor Level 1  
  53  5:30  Lair  
  53  5:38  Spine Crawler  
  53  5:41  Spore Crawler  
  53  5:42  Drone x8  
  59  5:43  Queen x2  
  61  6:14  Roach x2  
  61  6:15  Overlord  
  61  6:16  Overlord x8  
  63  6:43  Roach  
  63  6:44  Roach x7  
  70  6:55  Overseer  
  70  6:56  Overseer  
  70  6:57  Roach x3  
  70  6:58  Roach x5  
  82  7:04  Overseer  
  79  7:24  Drone  
  79  7:25  Drone x6  
  81  7:49  Overseer x2  
  73  7:55  Drone x5  
  78  7:59  Spore Crawler, Spine Crawler  
  78  8:01  Drone  
  77  8:09  Hatchery  
  70  8:26  Drone  
  71  8:28  Spore Crawler  
  71  8:30  Spine Crawler  
  71  8:32  Extractor  
  68  8:40  Queen x2  
  70  8:50  Zerg Ground Armor Level 2, Zerg Missile Weapons Level 2  
  70  9:08  Drone x5  
  75  9:14  Spine Crawler  
  75  9:15  Spore Crawler, Queen x2  
  77  9:33  Hydralisk Den  
  77  9:35  Infestation Pit  
  75  10:06  Spore Crawler, Drone x2  
  78  10:07  Drone x3  
  79  10:18  Hive  
  79  10:25  Extractor  
  78  10:43  Drone  
  78  10:44  Drone x9  
  78  10:45  Spine Crawler  
  78  10:47  Hatchery  
  86  10:50  Spine Crawler  
  86  10:52  Muscular Augments  
  85  11:02  Roach x4  
  93  11:12  Extractor  
  93  11:13  Extractor  
  91  11:48  Drone x5  
  91  11:51  Hydralisk x13  
  122  12:04  Grooved Spines  
  122  12:06  Zerg Ground Armor Level 3, Zerg Missile Weapons Level 3  
  122  12:07  Hydralisk x3  
  122  12:08  Hydralisk  
  128  12:10  Zergling x4  
  132  12:20  Ravager x2  
  133  12:31  Overlord x3  
  133  12:32  Overlord x3  
  69  13:03  Roach  
  69  13:04  Roach x16  
  91  13:17  Roach x3  
  89  13:30  Roach x8  
  99  14:13  Hatchery  
  80  14:28  Overseer  
  76  14:41  Drone x15  
  76  14:42  Drone x6  
  97  14:53  Spire  
  96  15:09  Glial Reconstitution  
  96  15:15  Extractor  
  96  15:16  Extractor  
  94  15:30  Drone x19  
  113  15:52  Extractor  
  113  15:53  Extractor  
  113  15:54  Spore Crawler  
  113  15:55  Spine Crawler x2  
  108  16:00  Spore Crawler  
  107  16:28  Greater Spire  
  107  16:33  Hatchery, Roach x2, Hydralisk x6  
  107  16:34  Roach x6  
  107  16:35  Roach  
  114  17:38  Roach x19  
  150  17:56  Corruptor x7  
  150  17:57  Corruptor x4  
  62  18:30  Brood Lord x7  
Tags
 
Add a new tag
Caveats
  • Supply blocks, unpowered buildings, or Contaminate may cause inaccurate times.
  • Supply counts are checked every 10 seconds.